 Dungeon Crawl Stone Soup version 0.26-a0-708-g17f3b190f9 (webtiles) character file.

Game seed: 3082285410030894339

29 robertstho the Chiller (level 3, -6/19 HPs)
             Began as a Deep Elf Ice Elementalist on Oct 27, 2020.
             Mangled by a centaur (8 damage)
             ... on level 2 of the Dungeon.
             The game lasted 00:01:18 (1072 turns).

robertstho the Chiller (Deep Elf Ice Elementalist)  Turns: 1072, Time: 00:01:20

Health: -6/19      AC:  2    Str:  5    XL:     3   Next: 1%
Magic:  7/9        EV: 13    Int: 20    God:
Gold:   46         SH:  0    Dex: 15    Spells: 7/8 levels left

rFire    . . .     SeeInvis .   d - +2 dagger (venom)
rCold    . . .     Faith    .   (no shield)
rNeg     . . .     Spirit   .   a - +0 robe
rPois    .         Reflect  .   (no helmet)
rElec    .         Harm     .   (no cloak)
rCorr    .         Rampage  .   (no gloves)
MR       .....                  (no boots)
Stlth    ++........             (no amulet)
HPRegen  0.06/turn              (no ring)
MPRegen  0.11/turn              (no ring)

@: no status effects
A: no striking features
a: no special abilities


You were on level 2 of the Dungeon.
You visited 1 branch of the dungeon, and saw 2 of its levels.

You collected 46 gold pieces.

Inventory:

Hand Weapons
 d - a +2 dagger of venom (weapon)
 f - a +2 dagger of speed
Armour
 a - a +0 robe (worn)
Scrolls
 b - 2 scrolls of fog
 c - a scroll of magic mapping {unknown}
Potions
 e - a potion of ambrosia {unknown}
 g - a potion of magic {unknown}


   Skills:
 + Level 0.1 Short Blades
 + Level 2.6 Dodging
 + Level 2.8 Stealth
 + Level 3.2 Spellcasting
 + Level 5.1 Ice Magic


You had 7 spell levels left.
You knew the following spells:

 Your Spells              Type           Power        Failure   Level
a - Freeze                Ice            ###.         1%          1

Your spell library contained the following spells:

 Spells                   Type           Power        Failure   Level
 Frozen Ramparts          Ice            ###...       4%          3
 Ozocubu's Armour         Ice            ###.....     4%          3
 Hailstorm                Conj/Ice       ##......     43%         4
 Summon Ice Beast         Ice/Summ       ##......     43%         4


Dungeon Overview and Level Annotations

Branches:
Dungeon (2/15)

Altars:


Message History

You are too injured to fight recklessly!
You see here 7 boomerangs.
Casting: Freeze (safe; 1% risk of failure)
Confirm with . or Enter, or press ? or * to list all spells.
Aiming: Freeze (safe; 1% risk of failure)
Press: ? - help, Shift-Dir - straight line, f - centaur
Aim: a centaur, wielding a +0 shortbow and quivering 19 arrows You freeze the centaur.
The centaur is lightly wounded.
The centaur unwields a +0 shortbow.
The centaur hits you.
* * * LOW HITPOINT WARNING * * *
Casting: Freeze (safe; 1% risk of failure)
Confirm with . or Enter, or press ? or * to list all spells.
Aiming: Freeze (safe; 1% risk of failure)
Press: ? - help, Shift-Dir - straight line, f/p - centaur
Aim: a centaur, quivering 19 arrows (lightly wounded)
You freeze the centaur!
The centaur is severely wounded.
The centaur hits you!
You die...

#..<...............#
####...............#
#...............#
#..............##
..(........#......#
...........######.##
.....(#####..## #.#
.....# #...####.#
##... ##@(...(.#
##.. ##c(..(.#
<..c...)....#
#######.....#
##....# #....#
###..# #..# ..#


You could see a centaur.

Vanquished Creatures
  2 oozes (D:1)
  A ball python (D:1)
  6 bats
  3 goblins (D:1)
  3 frilled lizards (D:1)
  4 kobolds (D:1)
  3 rats
22 creatures vanquished.

Notes
Turn   | Place    | Note
-------+----------+-------------------------------------------
     0 | D:1      | robertstho the Deep Elf Ice Elementalist began the quest
                  | for the Orb.
     0 | D:1      | Reached XP level 1. HP: 10/10 MP: 6/6
   328 | D:1      | Reached XP level 2. HP: 15/15 MP: 6/8
   610 | D:1      | Reached skill level 5 in Ice Magic
  1053 | D:2      | Reached XP level 3. HP: 19/19 MP: 9/9
  1065 | D:2      | Noticed a centaur
  1072 | D:2      | Mangled by a centaur

Illustrated notes

Levels and vault maps discovered:
D:1:      wander_arrival_fairy_ring, layout_loops_corners
D:2:      cheibrodos_helix_gallery, layout_rooms,
          nicolae_overflow_hidden_temple, minmay_joined_circles

Skill      XL: |  1  2 |
---------------+-------+-----
Ice Magic      | 5 |  5.1
Short Blades   | |  0.1
Dodging        | |  2.6
Stealth        | |  2.8
Spellcasting   | |  3.2

Action                   || total
-------------------------++-------
Melee: Unarmed           ||     4
       Dagger            ||    29
 Cast: Freeze            ||     8
  Use: Scroll            ||     3
 Stab: Sleeping          ||    11
Armor: Robe              ||     4
Dodge: Dodged            ||    20

Table legend: (Time is in decaauts)
 A = Elapsed time spent in this place.
 B = Non-inter-level travel time spent in this place.
 C = Inter-level travel time spent in this place.
 D = Time resting spent in this place.
 E = Time spent auto-exploring this place.
 F = Levels seen in this place.
 G = Mean time per level.
                   A        B        C        D        E       F      G
               +--------+--------+--------+--------+--------+-----+--------+
         Total |   1070 |   1052 |     18 |      0 |    901 |   2 |  535.0 |
       Dungeon |   1070 |   1052 |     18 |      0 |    901 |   2 |  535.0 |
               +--------+--------+--------+--------+--------+-----+--------+

Top non-repeatable levels by time:
     D:1: 1037 daAuts
     D:2: 32 daAuts
